Admirals NSH vs Heat

Created - Friday, April 29, 2016 at 01:17

Goals
1 2 3 T
Admirals NSH 1 0 1 2
Heat 0 1 0 1
Shots
1 2 3 T
Admirals NSH 13 4 10 27
Heat 8 9 5 22

1st period

1. Admirals NSH , Nikita Nesterov 4 (Tim Gleason) at 16:29

Penalties :
Michael Pelech (MIL) for Slashing (Minor) at 1:42, Eric Boulton (STO) for Diving (Minor) at 5:19, Tyler Wotherspoon (STO) for Fighting (Major) at 13:57, Mike Blunden (MIL) for Fighting (Major) at 13:57, Eric Boulton (STO) for Hooking (Minor) at 17:35

2nd period

2. Heat , Johan Larsson 3 (Keith Ballard, Tyson Strachan) at 18:31 (PP)

Penalties :
Keith Ballard (STO) for Fighting (Major) at 0:03, Andrew Desjardins (MIL) for Fighting (Major) at 0:03, Eric Boulton (STO) for Hooking (Minor) at 8:50, Andrew Desjardins (MIL) for Hooking (Minor) at 16:58

3rd period

3. Admirals NSH , Nikita Nesterov 5 (Brian Lashoff, Tim Gleason) at 14:53 (PP)

Penalties :
Eric Boulton (STO) for Hooking (Minor) at 0:17, Oliver Lauridsen (MIL) for Hooking (Minor) at 3:38, Brad Winchester (MIL) for Interference (Minor) at 10:25, Tyler Wotherspoon (STO) for Holding Stick (Minor) at 13:11

Goalie Stats

Chad Johnson (MIL), 21 saves from 22 shots - (0.955), W, 4-1-2, 60:00 minutes
Michael Leighton (STO), 25 saves from 27 shots - (0.926), L, 5-1-0, 59:01 minutes

Players Stats for Admirals NSH

Player Name              G  A  P  +/- PIM S  H  SB GA TA FO     MP     PP MP  PK MP  
------------------------------------------------------------------------------------
Allan McPherson          0  0  0   1  0   0  1  1  0  1  3/7    14:38   0:52   3:14 
Andrew Desjardins        0  0  0   0  7   4  1  0  8  0  10/19  19:44   4:00   3:21 
Ben Sexton               0  0  0   0  0   0  0  0  1  0  4/5    12:34   0:00   0:00 
Brad Winchester          0  0  0   1  2   3  1  0  2  0  5/7    17:04   5:32   1:31 
Brian Lashoff            0  1  1   0  0   3  0  1  1  2  0/0    20:46   4:54   3:35 
Brody Sutter             0  0  0   0  0   3  1  1  0  1  4/6    20:58   5:09   1:43 
Cameron Schilling        0  0  0   0  0   0  0  0  0  0  0/0     0:32   0:00   0:00 
Eric Faille              0  0  0   1  0   0  0  0  1  0  1/1    12:41   0:00   0:00 
Frazer McLaren           0  0  0   0  0   0  3  0  1  0  0/1     9:36   0:22   0:00 
Fredrik Claesson         0  0  0   0  0   1  1  0  0  0  0/0    12:49   0:00   0:00 
Jamie Wise               0  0  0   0  0   0  2  0  0  0  0/0    17:25   4:29   0:00 
Michael Pelech           0  0  0   0  2   0  3  0  1  2  2/2    17:13   4:29   0:00 
Mike Blunden             0  0  0   0  5   1  3  2  3  0  0/0    19:07   4:01   5:11 
Nikita Nesterov          2  0  2   1  0   5  2  1  0  2  0/0    21:44   4:54   3:35 
Oliver Lauridsen         0  0  0   0  2   1  3  2  0  1  0/0    10:57   0:00   0:00 
Tim Gleason              0  2  2   1  0   3  2  1  1  3  0/0    26:25   4:44   3:55 
Victor Bartley           0  0  0   0  0   3  2  4  3  2  0/0    27:05   4:44   3:55 
Wade Megan               0  0  0   0  0   0  1  0  0  0  0/0    11:06   0:00   0:00 

Players Stats for Heat

Player Name              G  A  P  +/- PIM S  H  SB GA TA FO     MP     PP MP  PK MP  
------------------------------------------------------------------------------------
Andre Burakovsky         0  0  0  -1  0   1  0  0  4  3  0/2    16:47   4:01   0:00 
Brooks Laich             0  0  0   0  0   1  2  0  2  0  1/1    13:41   4:01   0:00 
Corey Potter             0  0  0   0  0   0  1  0  0  1  0/0    19:56   3:21   0:00 
Eric Boulton             0  0  0   0  8   1  1  1  0  0  0/1     9:45   0:00   0:00 
Jason Garrison           0  0  0  -1  0   3  0  5  1  0  0/0    27:05   3:21   5:06 
Johan Larsson            1  0  1  -1  0   2  1  0  5  1  5/9    16:47   4:01   0:00 
Keith Ballard            0  1  1   0  5   0  0  1  0  1  0/0    20:16   4:09   4:32 
Konrad Abeltshauser      0  0  0   0  0   0  1  1  0  1  0/0    19:11   0:00   5:06 
Lucas Lessio             0  0  0   0  0   1  0  0  1  0  0/0    11:09   0:00   0:00 
Matt Ellis               0  0  0   0  0   0  0  0  0  0  6/13   13:08   3:29   0:00 
Max Reinhart             0  0  0   0  0   1  1  1  0  0  6/10   16:21   0:00   4:54 
Michael Ferland          0  0  0   0  0   1  0  0  2  0  0/0    13:44   0:00   4:44 
Michael Ryder            0  0  0   0  0   1  2  2  3  0  0/0    16:21   0:00   4:54 
Seth Griffith            0  0  0   0  0   2  0  0  4  0  0/0    13:08   3:29   0:00 
Stephane Veilleux        0  0  0  -1  0   4  2  1  0  0  0/0    15:19   3:29   0:00 
Tyler Pitlick            0  0  0   0  0   0  4  1  1  1  1/12   13:44   0:00   4:44 
Tyler Wotherspoon        0  0  0   0  7   1  2  1  0  2  0/0    12:58   0:00   0:38 
Tyson Strachan           0  1  1  -1  0   3  2  1  0  3  0/0    21:33   4:09   4:32 

3 Stars

1 - Nikita Nesterov (MIL)
2 - Chad Johnson (MIL)
3 - Tim Gleason (MIL)

Power Play

Admirals NSH - 1 on 5 Attempt(s) - 20.00%
Heat - 1 on 4 Attempt(s) - 25.00%

Penalty Kill

Admirals NSH - 3 on 4 Attempt(s) - 75.00% - Score 0 goal in Penalty Kill
Heat - 4 on 5 Attempt(s) - 80.00% - Score 0 goal in Penalty Kill

Team Stat

Admirals NSH - Hits : 26 - Faceoff Wins : 29 - Blocked Shots : 13 - Penalty Minutes : 18
Heat - Hits : 19 - Faceoff Wins : 19 - Blocked Shots : 15 - Penalty Minutes : 20

Official

Referees : Unknown
Linesman : Unknown

Game Notes

Tyler Wotherspoon and Mike Blunden fight to a draw at 13:57 of 1st period
Keith Ballard beats up Andrew Desjardins at 0:03 of 2nd period

Finance

Level 1 -- Attendance: 1858 (92.90%) -- Ticket Income $55,740
Level 2 -- Attendance: 903 (90.30%) -- Ticket Income $9,030
Total Attendance: 2761 (92.03%)
Total Ticket Income: $64,770
Other Income: $31,737
Total Income: $96,507

Admirals NSH

5 vs 5 Forward 
   Center                   Left Wing                Right Wing               Time % Phy DF OF 
 1 Andrew Desjardins        Brad Winchester          Mike Blunden             30     0   2  3  
 2 Brody Sutter             Wade Megan               Michael Pelech           27     0   2  3  
 3 Ben Sexton               Jamie Wise               Eric Faille              22     0   3  2  
 4 Allan McPherson          Frazer McLaren           Andrew Desjardins        21     0   2  3  

5 vs 5 Defense 
   Defense                  Defense                                           Time % Phy DF OF 
 1 Tim Gleason              Nikita Nesterov                                   30     0   4  1  
 2 Fredrik Claesson         Victor Bartley                                    30     0   4  1  
 3 Oliver Lauridsen         Brian Lashoff                                     20     0   4  1  
 4 Tim Gleason              Victor Bartley                                    20     0   3  2  

PowerPlay Forward 
   Center                   Left Wing                Right Wing               Time % Phy DF OF 
 1 Andrew Desjardins        Mike Blunden             Brody Sutter             60     0   1  4  
 2 Brad Winchester          Jamie Wise               Michael Pelech           40     0   1  4  

PowerPlay Defense
   Defense                  Defense                                           Time % Phy DF OF 
 1 Tim Gleason              Victor Bartley                                    65     0   2  3  
 2 Brian Lashoff            Nikita Nesterov                                   35     0   2  3  

Penalty Kill 4 Players Forward 
   Center                   Wing                     Time % Phy DF OF 
 1 Andrew Desjardins        Mike Blunden             60     0   4  1  
 2 Brody Sutter             Brad Winchester          40     0   4  1  

Penalty Kill 4 Players Defense
   Defense                  Defense                  Time % Phy DF OF 
 1 Tim Gleason              Victor Bartley           60     1   4  0  
 2 Nikita Nesterov          Brian Lashoff            40     1   4  0  

Penalty Kill - 3 Players Forward 
   Forward                                           Time % Phy DF OF 
 1 Andrew Desjardins                                 60     0   5  0  
 2 Jamie Wise                                        40     0   5  0  

Penalty Kill - 3 Players Defense
   Defense                  Defense                  Time % Phy DF OF 
 1 Tim Gleason              Nikita Nesterov          60     0   5  0  
 2 Brian Lashoff            Victor Bartley           40     0   5  0  

4 vs 4 Forward 
   Center                   Wing                     Time % Phy DF OF 
 1 Andrew Desjardins        Brody Sutter             60     0   2  3  
 2 Mike Blunden             Brad Winchester          40     0   2  3  

4 vs 4 Defense
   Defense                  Defense                  Time % Phy DF OF 
 1 Victor Bartley           Tim Gleason              60     1   3  1  
 2 Brian Lashoff            Oliver Lauridsen         40     1   3  1  

Last Minutes Offensive
   Center                   Left Wing                Right Wing               Defense                  Defense                  
   Andrew Desjardins        Mike Blunden             Brody Sutter             Tim Gleason              Victor Bartley           

Last Minutes Defensive
   Center                   Left Wing                Right Wing               Defense                  Defense                  
   Andrew Desjardins        Mike Blunden             Brody Sutter             Tim Gleason              Victor Bartley           

Goaltenders
Starting : Chad Johnson             
Backup : Johan Gustafsson         

Extra Forwards
Normal : Brody Sutter, Andrew Desjardins, Mike Blunden - PP : Brody Sutter, Brad Winchester - PK : Allan McPherson
Extra Defensemen
Normal : Victor Bartley, Cameron Schilling, Tim Gleason - PP : Victor Bartley - PK : Nikita Nesterov, Tim Gleason
Penalty Shots
Michael Pelech, Andrew Desjardins, Mike Blunden, Brody Sutter, Brad Winchester

Heat

5 vs 5 Forward 
   Center                   Left Wing                Right Wing               Time % Phy DF OF 
 1 Johan Larsson            Stephane Veilleux        Andre Burakovsky         28     0   1  4  
 2 Matt Ellis               Brooks Laich             Seth Griffith            25     0   1  4  
 3 Max Reinhart             Lucas Lessio             Michael Ryder            25     0   1  4  
 4 Tyler Pitlick            Michael Ferland          Eric Boulton             22     1   2  2  

5 vs 5 Defense 
   Defense                  Defense                                           Time % Phy DF OF 
 1 Jason Garrison           Tyson Strachan                                    35     1   2  2  
 2 Keith Ballard            Tyler Wotherspoon                                 30     1   2  2  
 3 Konrad Abeltshauser      Corey Potter                                      25     1   2  2  
 4 Jason Garrison           Keith Ballard                                     10     1   2  2  

PowerPlay Forward 
   Center                   Left Wing                Right Wing               Time % Phy DF OF 
 1 Johan Larsson            Brooks Laich             Andre Burakovsky         50     0   0  5  
 2 Matt Ellis               Stephane Veilleux        Seth Griffith            50     0   0  5  

PowerPlay Defense
   Defense                  Defense                                           Time % Phy DF OF 
 1 Jason Garrison           Corey Potter                                      50     0   0  5  
 2 Keith Ballard            Tyson Strachan                                    50     0   0  5  

Penalty Kill 4 Players Forward 
   Center                   Wing                     Time % Phy DF OF 
 1 Tyler Pitlick            Michael Ferland          50     0   5  0  
 2 Max Reinhart             Michael Ryder            50     0   5  0  

Penalty Kill 4 Players Defense
   Defense                  Defense                  Time % Phy DF OF 
 1 Keith Ballard            Tyson Strachan           50     0   5  0  
 2 Jason Garrison           Konrad Abeltshauser      50     0   5  0  

Penalty Kill - 3 Players Forward 
   Forward                                           Time % Phy DF OF 
 1 Tyler Pitlick                                     50     0   5  0  
 2 Max Reinhart                                      50     0   5  0  

Penalty Kill - 3 Players Defense
   Defense                  Defense                  Time % Phy DF OF 
 1 Jason Garrison           Keith Ballard            50     0   5  0  
 2 Konrad Abeltshauser      Tyson Strachan           50     0   5  0  

4 vs 4 Forward 
   Center                   Wing                     Time % Phy DF OF 
 1 Matt Ellis               Andre Burakovsky         50     1   2  2  
 2 Johan Larsson            Seth Griffith            50     1   2  2  

4 vs 4 Defense
   Defense                  Defense                  Time % Phy DF OF 
 1 Jason Garrison           Corey Potter             50     1   2  2  
 2 Keith Ballard            Tyson Strachan           50     1   2  2  

Last Minutes Offensive
   Center                   Left Wing                Right Wing               Defense                  Defense                  
   Johan Larsson            Lucas Lessio             Andre Burakovsky         Jason Garrison           Keith Ballard            

Last Minutes Defensive
   Center                   Left Wing                Right Wing               Defense                  Defense                  
   Matt Ellis               Stephane Veilleux        Brooks Laich             Jason Garrison           Tyson Strachan           

Goaltenders
Starting : Michael Leighton         
Backup : Andrei Vasilevskiy       

Extra Forwards
Normal : Michael Ryder, Michael Ferland, Stephane Veilleux - PP : Michael Ryder, Michael Ferland - PK : Eric Boulton
Extra Defensemen
Normal : Keith Ballard, Corey Potter, Tyler Wotherspoon - PP : Konrad Abeltshauser - PK : Corey Potter, Tyler Wotherspoon
Penalty Shots
Michael Ryder, Lucas Lessio, Brooks Laich, Andre Burakovsky, Johan Larsson

% Time on Ice - Admirals NSH

Lines # - Real PCT - Wanted PCT - Time Play
Normal Forward
1 - 20% - 30% - 8:31
2 - 29% - 27% - 12:22
3 - 30% - 22% - 12:34
4 - 20% - 21% - 8:36
Normal Defense
1 - 28% - 30% - 11:41
2 - 34% - 30% - 14:27
3 - 25% - 20% - 10:39
4 - 13% - 20% - 5:16
PP Forward
1 - 53% - 60% - 5:09
2 - 47% - 40% - 4:29
PP Defense
1 - 49% - 65% - 4:44
2 - 51% - 35% - 4:54
PK Forward
1 - 77% - 60% - 5:47
2 - 23% - 40% - 1:43
PK Defense
1 - 52% - 60% - 3:55
2 - 48% - 40% - 3:35
PK3 Forward
1 - 0% - 60%
2 - 0% - 40%
PK3 Defense
1 - 0% - 60%
2 - 0% - 40%
44 Forward
1 - 0% - 60%
2 - 0% - 40%
44 Defense
1 - 0% - 60%
2 - 0% - 40%
Last Minute Offensive  - 0:00
Last Minute Defensive  - 0:49
Total
Forward - 60:00
Defense - 60:00

% Time on Ice - Heat

Lines # - Real PCT - Wanted PCT - Time Play
Normal Forward
1 - 29% - 28% - 12:05
2 - 26% - 25% - 10:52
3 - 24% - 25% - 10:14
4 - 21% - 22% - 8:46
Normal Defense
1 - 32% - 35% - 13:32
2 - 35% - 30% - 14:29
3 - 28% - 25% - 11:55
4 - 5% - 10% - 2:01
PP Forward
1 - 54% - 50% - 4:01
2 - 46% - 50% - 3:29
PP Defense
1 - 45% - 50% - 3:21
2 - 55% - 50% - 4:09
PK Forward
1 - 49% - 50% - 4:44
2 - 51% - 50% - 4:54
PK Defense
1 - 47% - 50% - 4:32
2 - 53% - 50% - 5:06
PK3 Forward
1 - 0% - 50%
2 - 0% - 50%
PK3 Defense
1 - 0% - 50%
2 - 0% - 50%
44 Forward
1 - 0% - 50%
2 - 0% - 50%
44 Defense
1 - 0% - 50%
2 - 0% - 50%
Last Minute Offensive  - 0:55
Last Minute Defensive  - 0:00
Total
Forward - 60:00
Defense - 60:00

Play by Play

1st period


0:01 of 1st period - Andrew Desjardins wins face-off versus Johan Larsson in neutral zone.
0:09 of 1st period - Slapshot by Andrew Desjardins.
0:09 of 1st period - Stopped by Michael Leighton without a rebound.
0:10 of 1st period - Andrew Desjardins wins face-off versus Johan Larsson in Heat zone.
0:24 of 1st period - Mike Blunden is hit by Stephane Veilleux and loses puck.
1:05 of 1st period - Slapshot by Seth Griffith.
1:05 of 1st period - Shot Blocked by Tim Gleason.
1:07 of 1st period - Slapshot by Keith Ballard.
1:07 of 1st period - Deflect By Seth Griffith.
1:07 of 1st period - Stopped by Chad Johnson without a rebound.
1:08 of 1st period - Brody Sutter wins face-off versus Matt Ellis in Admirals NSH zone.
1:42 of 1st period - Minor Penalty to Michael Pelech for Slashing.
1:43 of 1st period - Johan Larsson wins face-off versus Andrew Desjardins in Admirals NSH zone.
2:18 of 1st period - Slapshot by Tim Gleason.
2:18 of 1st period - Stopped by Michael Leighton with a rebound.
2:44 of 1st period - Slapshot by Stephane Veilleux.
2:44 of 1st period - Stopped by Chad Johnson with a rebound.
3:42 of 1st period - Penalty to Michael Pelech is over, Michael Pelech is back on ice.
4:09 of 1st period - Jason Garrison is hit by Oliver Lauridsen and loses puck.
4:16 of 1st period - Jamie Wise is hit by Michael Ryder and loses puck.
4:21 of 1st period - Snap shot by Michael Ryder.
4:21 of 1st period - Shot Blocked by Oliver Lauridsen.
4:23 of 1st period - Snap shot by Max Reinhart.
4:23 of 1st period - Stopped by Chad Johnson with a rebound.
4:54 of 1st period - Slapshot by Brody Sutter.
4:54 of 1st period - Stopped by Michael Leighton with a rebound.
5:19 of 1st period - Minor Penalty to Eric Boulton for Diving.
5:20 of 1st period - Brad Winchester wins face-off versus Tyler Pitlick in Heat zone.
5:38 of 1st period - Nikita Nesterov is hit by Tyler Pitlick and loses puck.
6:03 of 1st period - Tyson Strachan is hit by Andrew Desjardins and loses puck.
6:24 of 1st period - Slapshot by Brad Winchester.
6:24 of 1st period - Shot Misses the Net.
7:07 of 1st period - Slapshot by Brian Lashoff.
7:07 of 1st period - Stopped by Michael Leighton without a rebound.
7:08 of 1st period - Brad Winchester wins face-off versus Tyler Pitlick in Heat zone.
7:09 of 1st period - Slapshot by Nikita Nesterov.
7:09 of 1st period - Shot Misses the Net.
7:19 of 1st period - Penalty to Eric Boulton is over, Eric Boulton is back on ice.
8:07 of 1st period - Konrad Abeltshauser is hit by Frazer McLaren and loses puck.
8:29 of 1st period - Wrist shot by Seth Griffith.
8:29 of 1st period - Shot Blocked by Victor Bartley.
9:00 of 1st period - Nikita Nesterov is hit by Tyler Pitlick and loses puck.
9:18 of 1st period - Jason Garrison is hit by Oliver Lauridsen.
9:38 of 1st period - Wrist shot by Andre Burakovsky.
9:38 of 1st period - Stopped by Chad Johnson with a rebound.
9:40 of 1st period - Wrist shot by Johan Larsson.
9:40 of 1st period - Stopped by Chad Johnson with a rebound.
9:42 of 1st period - Backhand shot by Stephane Veilleux.
9:42 of 1st period - Stopped by Chad Johnson with a rebound.
9:52 of 1st period - Wrist shot by Brooks Laich.
9:52 of 1st period - Stopped by Chad Johnson without a rebound.
9:53 of 1st period - Matt Ellis wins face-off versus Allan McPherson in Admirals NSH zone.
9:56 of 1st period - Snap shot by Seth Griffith.
9:56 of 1st period - Shot Misses the Net.
10:06 of 1st period - Slapshot by Nikita Nesterov.
10:06 of 1st period - Shot Misses the Net.
10:08 of 1st period - Slapshot by Nikita Nesterov.
10:08 of 1st period - Stopped by Michael Leighton with a rebound.
10:23 of 1st period - Wrist shot by Andrew Desjardins.
10:23 of 1st period - Stopped by Michael Leighton with a rebound.
10:25 of 1st period - Slapshot by Fredrik Claesson.
10:25 of 1st period - Stopped by Michael Leighton without a rebound.
10:26 of 1st period - Max Reinhart wins face-off versus Andrew Desjardins in Heat zone.
10:26 of 1st period - Max Reinhart is hit by Brad Winchester.
10:56 of 1st period - Konrad Abeltshauser is hit by Fredrik Claesson and loses puck.
11:09 of 1st period - Slapshot by Nikita Nesterov.
11:09 of 1st period - Stopped by Michael Leighton without a rebound.
11:10 of 1st period - Michael Pelech wins face-off versus Johan Larsson in Heat zone.
11:33 of 1st period - Wrist shot by Johan Larsson.
11:33 of 1st period - Deflect By Tim Gleason.
11:33 of 1st period - Shot Misses the Net.
11:33 of 1st period - Puck is out of play.
11:34 of 1st period - Eric Faille wins face-off versus Eric Boulton in Admirals NSH zone.
12:25 of 1st period - Frazer McLaren is hit by Brooks Laich and loses puck.
13:31 of 1st period - Snap shot by Andre Burakovsky.
13:31 of 1st period - Shot Misses the Net.
13:33 of 1st period - Wrist shot by Stephane Veilleux.
13:33 of 1st period - Stopped by Chad Johnson with a rebound.
13:57 of 1st period - Tyler Wotherspoon and Mike Blunden fight to a draw.
13:57 of 1st period - Penalty to Tyler Wotherspoon for Fighting.
13:57 of 1st period - Penalty to Mike Blunden for Fighting.
13:58 of 1st period - Andrew Desjardins wins face-off versus Tyler Pitlick in Heat zone.
15:06 of 1st period - Tyson Strachan is hit by Frazer McLaren and loses puck.
15:28 of 1st period - Wrist shot by Jamie Wise.
15:28 of 1st period - Shot Misses the Net.
15:30 of 1st period - Wrist shot by Eric Faille.
15:30 of 1st period - Shot Blocked by Michael Ryder.
15:32 of 1st period - Wrist shot by Ben Sexton.
15:32 of 1st period - Shot Misses the Net.
16:29 of 1st period - Snap shot by Nikita Nesterov.
16:29 of 1st period - Goal by Nikita Nesterov - Admirals NSH : 1 - Heat : 0.
16:30 of 1st period - Andrew Desjardins wins face-off versus Matt Ellis in neutral zone.
16:40 of 1st period - Wrist shot by Brad Winchester.
16:40 of 1st period - Stopped by Michael Leighton without a rebound.
16:41 of 1st period - Matt Ellis wins face-off versus Andrew Desjardins in Heat zone.
17:35 of 1st period - Minor Penalty to Eric Boulton for Hooking.
17:36 of 1st period - Andrew Desjardins wins face-off versus Max Reinhart in Heat zone.
17:37 of 1st period - Snap shot by Brody Sutter.
17:37 of 1st period - Shot Misses the Net.
17:39 of 1st period - Snap shot by Brody Sutter.
17:39 of 1st period - Stopped by Michael Leighton with a rebound.
17:41 of 1st period - Snap shot by Nikita Nesterov.
17:41 of 1st period - Shot Misses the Net.
17:53 of 1st period - Slapshot by Nikita Nesterov.
17:53 of 1st period - Shot Misses the Net.
18:11 of 1st period - Snap shot by Brian Lashoff.
18:11 of 1st period - Shot Blocked by Jason Garrison.
18:27 of 1st period - Konrad Abeltshauser is hit by Jamie Wise and loses puck.
18:51 of 1st period - Victor Bartley is hit by Max Reinhart and loses puck.
18:57 of 1st period - Penalty to Tyler Wotherspoon is over, Tyler Wotherspoon is back on ice.
19:02 of 1st period - Snap shot by Victor Bartley.
19:02 of 1st period - Deflect By Jason Garrison.
19:02 of 1st period - Stopped by Michael Leighton with a rebound.
19:22 of 1st period - Snap shot by Brian Lashoff.
19:22 of 1st period - Stopped by Michael Leighton with a rebound.
19:36 of 1st period - Konrad Abeltshauser is hit by Jamie Wise and loses puck.
Goals for this period are 1 for Admirals NSH vs 0 for Heat.
Shots for this period are 13 for Admirals NSH vs 8 for Heat.

2nd period


0:01 of 2nd period - Andrew Desjardins wins face-off versus Tyler Pitlick in neutral zone.
0:03 of 2nd period - Keith Ballard beats up Andrew Desjardins.
0:03 of 2nd period - Penalty to Keith Ballard for Fighting.
0:03 of 2nd period - Penalty to Andrew Desjardins for Fighting.
0:04 of 2nd period - Brad Winchester wins face-off versus Tyler Pitlick in Heat zone.
0:11 of 2nd period - Wrist shot by Tim Gleason.
0:11 of 2nd period - Stopped by Michael Leighton without a rebound.
0:12 of 2nd period - Brody Sutter wins face-off versus Tyler Pitlick in Heat zone.
0:37 of 2nd period - Snap shot by Victor Bartley.
0:37 of 2nd period - Shot Blocked by Jason Garrison.
0:39 of 2nd period - Snap shot by Brad Winchester.
0:39 of 2nd period - Shot Misses the Net.
1:01 of 2nd period - Wrist shot by Johan Larsson.
1:01 of 2nd period - Shot Hit the Post.
1:03 of 2nd period - Slapshot by Tyler Wotherspoon.
1:03 of 2nd period - Stopped by Chad Johnson without a rebound.
1:04 of 2nd period - Allan McPherson wins face-off versus Andre Burakovsky in Admirals NSH zone.
1:42 of 2nd period - Tim Gleason is hit by Tyler Wotherspoon and loses puck.
1:56 of 2nd period - Icing by Tyson Strachan.
1:57 of 2nd period - Brody Sutter wins face-off versus Max Reinhart in Heat zone.
2:44 of 2nd period - Brody Sutter is hit by Tyler Pitlick and loses puck.
2:55 of 2nd period - Snap shot by Michael Ferland.
2:55 of 2nd period - Shot Blocked by Brody Sutter.
3:23 of 2nd period - Slapshot by Brooks Laich.
3:23 of 2nd period - Shot Blocked by Victor Bartley.
3:33 of 2nd period - Wrist shot by Mike Blunden.
3:33 of 2nd period - Stopped by Michael Leighton with a rebound.
3:35 of 2nd period - Slapshot by Victor Bartley.
3:35 of 2nd period - Shot Blocked by Tyler Wotherspoon.
3:37 of 2nd period - Slapshot by Fredrik Claesson.
3:37 of 2nd period - Shot Misses the Net.
4:22 of 2nd period - Brian Lashoff is hit by Tyler Wotherspoon and loses puck.
5:49 of 2nd period - Snap shot by Eric Boulton.
5:49 of 2nd period - Stopped by Chad Johnson without a rebound.
5:50 of 2nd period - Ben Sexton wins face-off versus Matt Ellis in Admirals NSH zone.
6:00 of 2nd period - Off-side.
6:01 of 2nd period - Ben Sexton wins face-off versus Matt Ellis in neutral zone.
8:08 of 2nd period - Michael Ferland is hit by Victor Bartley.
8:19 of 2nd period - Michael Ferland is hit by Michael Pelech and loses puck.
8:38 of 2nd period - Tim Gleason is hit by Tyler Pitlick and loses puck.
8:50 of 2nd period - Minor Penalty to Eric Boulton for Hooking.
8:51 of 2nd period - Max Reinhart wins face-off versus Andrew Desjardins in Heat zone.
9:04 of 2nd period - Keith Ballard is hit by Mike Blunden and loses puck.
9:23 of 2nd period - Slapshot by Nikita Nesterov.
9:23 of 2nd period - Shot Blocked by Tyler Pitlick.
9:25 of 2nd period - Slapshot by Brad Winchester.
9:25 of 2nd period - Stopped by Michael Leighton with a rebound.
9:31 of 2nd period - Slapshot by Nikita Nesterov.
9:31 of 2nd period - Deflect By Michael Ferland.
9:31 of 2nd period - Stopped by Michael Leighton with a rebound.
9:45 of 2nd period - Backhand shot by Nikita Nesterov.
9:45 of 2nd period - Shot Blocked by Tyson Strachan.
10:09 of 2nd period - Max Reinhart is hit by Michael Pelech and loses puck.
10:14 of 2nd period - Slapshot by Tim Gleason.
10:14 of 2nd period - Shot Blocked by Michael Ryder.
10:16 of 2nd period - Slapshot by Tim Gleason.
10:16 of 2nd period - Shot Misses the Net.
10:50 of 2nd period - Penalty to Eric Boulton is over, Eric Boulton is back on ice.
10:54 of 2nd period - Snap shot by Tim Gleason.
10:54 of 2nd period - Shot Blocked by Eric Boulton.
11:18 of 2nd period - Slapshot by Brian Lashoff.
11:18 of 2nd period - Shot Blocked by Jason Garrison.
11:20 of 2nd period - Snap shot by Andrew Desjardins.
11:20 of 2nd period - Deflect By Jason Garrison.
11:20 of 2nd period - Shot Misses the Net.
11:20 of 2nd period - Puck is out of play.
11:21 of 2nd period - Matt Ellis wins face-off versus Allan McPherson in Heat zone.
11:23 of 2nd period - Icing by Seth Griffith.
11:24 of 2nd period - Matt Ellis wins face-off versus Allan McPherson in Heat zone.
11:24 of 2nd period - Matt Ellis is hit by Allan McPherson.
11:46 of 2nd period - Snap shot by Seth Griffith.
11:46 of 2nd period - Shot Misses the Net.
12:58 of 2nd period - Snap shot by Michael Ryder.
12:58 of 2nd period - Shot Blocked by Brian Lashoff.
13:00 of 2nd period - Slapshot by Konrad Abeltshauser.
13:00 of 2nd period - Deflect By Lucas Lessio.
13:00 of 2nd period - Shot Blocked by Allan McPherson.
13:00 of 2nd period - Puck is out of play.
13:01 of 2nd period - Ben Sexton wins face-off versus Max Reinhart in Admirals NSH zone.
13:06 of 2nd period - Snap shot by Michael Ryder.
13:06 of 2nd period - Stopped by Chad Johnson with a rebound.
13:53 of 2nd period - Tyler Pitlick is hit by Brody Sutter and loses puck.
14:12 of 2nd period - Wrist shot by Brian Lashoff.
14:12 of 2nd period - Deflect By Mike Blunden.
14:12 of 2nd period - Shot Misses the Net.
14:12 of 2nd period - Puck is out of play.
14:13 of 2nd period - Johan Larsson wins face-off versus Frazer McLaren in Heat zone.
14:13 of 2nd period - Johan Larsson is hit by Oliver Lauridsen.
14:55 of 2nd period - Stephane Veilleux is hit by Michael Pelech and loses puck.
16:00 of 2nd period - Slapshot by Tim Gleason.
16:00 of 2nd period - Shot Blocked by Max Reinhart.
16:23 of 2nd period - Slapshot by Brian Lashoff.
16:23 of 2nd period - Deflect By Ben Sexton.
16:23 of 2nd period - Shot Misses the Net.
16:23 of 2nd period - Puck is out of play.
16:24 of 2nd period - Ben Sexton wins face-off versus Matt Ellis in Heat zone.
16:43 of 2nd period - Snap shot by Seth Griffith.
16:43 of 2nd period - Stopped by Chad Johnson with a rebound.
16:45 of 2nd period - Slapshot by Tyson Strachan.
16:45 of 2nd period - Stopped by Chad Johnson without a rebound.
16:46 of 2nd period - Allan McPherson wins face-off versus Tyler Pitlick in Admirals NSH zone.
16:58 of 2nd period - Minor Penalty to Andrew Desjardins for Hooking.
16:59 of 2nd period - Allan McPherson wins face-off versus Matt Ellis in Admirals NSH zone.
17:33 of 2nd period - Wrist shot by Andre Burakovsky.
17:33 of 2nd period - Shot Blocked by Mike Blunden.
17:35 of 2nd period - Snap shot by Keith Ballard.
17:35 of 2nd period - Deflect By Andre Burakovsky.
17:35 of 2nd period - Shot Blocked by Victor Bartley.
17:35 of 2nd period - Puck is out of play.
17:36 of 2nd period - Johan Larsson wins face-off versus Allan McPherson in Admirals NSH zone.
17:43 of 2nd period - Wrist shot by Johan Larsson.
17:43 of 2nd period - Shot Misses the Net.
17:45 of 2nd period - Snap shot by Brooks Laich.
17:45 of 2nd period - Shot Misses the Net.
17:47 of 2nd period - Snap shot by Brooks Laich.
17:47 of 2nd period - Shot Misses the Net.
18:03 of 2nd period - Snap shot by Matt Ellis.
18:03 of 2nd period - Shot Blocked by Nikita Nesterov.
18:05 of 2nd period - Slapshot by Keith Ballard.
18:05 of 2nd period - Shot Blocked by Mike Blunden.
18:07 of 2nd period - Snap shot by Tyson Strachan.
18:07 of 2nd period - Stopped by Chad Johnson with a rebound.
18:09 of 2nd period - Slapshot by Stephane Veilleux.
18:09 of 2nd period - Stopped by Chad Johnson with a rebound.
18:25 of 2nd period - Slapshot by Brooks Laich.
18:25 of 2nd period - Shot Misses the Net.
18:27 of 2nd period - Wrist shot by Brooks Laich.
18:27 of 2nd period - Shot Misses the Net.
18:29 of 2nd period - Slapshot by Tyson Strachan.
18:29 of 2nd period - Stopped by Chad Johnson with a rebound.
18:31 of 2nd period - Slapshot by Keith Ballard.
18:31 of 2nd period - Deflect By Johan Larsson.
18:31 of 2nd period - Goal by Johan Larsson - Admirals NSH : 1 - Heat : 1.
18:32 of 2nd period - Max Reinhart wins face-off versus Brody Sutter in neutral zone.
18:51 of 2nd period - Snap shot by Michael Ryder.
18:51 of 2nd period - Deflect By Max Reinhart.
18:51 of 2nd period - Shot Misses the Net.
18:51 of 2nd period - Puck is out of play.
18:52 of 2nd period - Brody Sutter wins face-off versus Max Reinhart in Admirals NSH zone.
19:57 of 2nd period - Keith Ballard is hit by Tim Gleason and loses puck.
Goals for this period are 0 for Admirals NSH vs 1 for Heat.
Shots for this period are 4 for Admirals NSH vs 9 for Heat.

3rd period


0:01 of 3rd period - Andrew Desjardins wins face-off versus Tyler Pitlick in neutral zone.
0:17 of 3rd period - Minor Penalty to Eric Boulton for Hooking.
0:18 of 3rd period - Andrew Desjardins wins face-off versus Tyler Pitlick in Heat zone.
0:48 of 3rd period - Snap shot by Andrew Desjardins.
0:48 of 3rd period - Stopped by Michael Leighton without a rebound.
0:49 of 3rd period - Brad Winchester wins face-off versus Tyler Pitlick in Heat zone.
1:00 of 3rd period - Slapshot by Tim Gleason.
1:00 of 3rd period - Stopped by Michael Leighton with a rebound.
1:02 of 3rd period - Snap shot by Brad Winchester.
1:02 of 3rd period - Shot Misses the Net.
1:04 of 3rd period - Wrist shot by Brad Winchester.
1:04 of 3rd period - Stopped by Michael Leighton with a rebound.
1:06 of 3rd period - Slapshot by Victor Bartley.
1:06 of 3rd period - Stopped by Michael Leighton with a rebound.
1:08 of 3rd period - Wrist shot by Brad Winchester.
1:08 of 3rd period - Deflect By Tyler Pitlick.
1:08 of 3rd period - Shot Misses the Net.
1:08 of 3rd period - Puck is out of play.
1:09 of 3rd period - Tyler Pitlick wins face-off versus Brad Winchester in Heat zone.
1:20 of 3rd period - Slapshot by Victor Bartley.
1:20 of 3rd period - Shot Misses the Net.
1:22 of 3rd period - Slapshot by Tim Gleason.
1:22 of 3rd period - Shot Misses the Net.
1:24 of 3rd period - Slapshot by Victor Bartley.
1:24 of 3rd period - Deflect By Jason Garrison.
1:24 of 3rd period - Stopped by Michael Leighton with a rebound.
1:26 of 3rd period - Snap shot by Michael Pelech.
1:26 of 3rd period - Shot Blocked by Jason Garrison.
2:10 of 3rd period - Slapshot by Brian Lashoff.
2:10 of 3rd period - Shot Hit the Post.
2:14 of 3rd period - Slapshot by Nikita Nesterov.
2:14 of 3rd period - Shot Misses the Net.
2:16 of 3rd period - Slapshot by Nikita Nesterov.
2:16 of 3rd period - Shot Blocked by Konrad Abeltshauser.
2:17 of 3rd period - Penalty to Eric Boulton is over, Eric Boulton is back on ice.
3:14 of 3rd period - Wrist shot by Johan Larsson.
3:14 of 3rd period - Shot Misses the Net.
3:38 of 3rd period - Minor Penalty to Oliver Lauridsen for Hooking.
3:39 of 3rd period - Matt Ellis wins face-off versus Andrew Desjardins in Admirals NSH zone.
4:24 of 3rd period - Keith Ballard is hit by Mike Blunden and loses puck.
4:41 of 3rd period - Jason Garrison is hit by Mike Blunden and loses puck.
5:08 of 3rd period - Brian Lashoff is hit by Stephane Veilleux and loses puck.
5:38 of 3rd period - Penalty to Oliver Lauridsen is over, Oliver Lauridsen is back on ice.
6:48 of 3rd period - Konrad Abeltshauser is hit by Victor Bartley and loses puck.
7:36 of 3rd period - Victor Bartley is hit by Corey Potter and loses puck.
8:56 of 3rd period - Andrew Desjardins is hit by Michael Ryder.
9:47 of 3rd period - Nikita Nesterov is hit by Eric Boulton.
10:02 of 3rd period - Jamie Wise is hit by Konrad Abeltshauser.
10:25 of 3rd period - Minor Penalty to Brad Winchester for Interference.
10:26 of 3rd period - Johan Larsson wins face-off versus Andrew Desjardins in Admirals NSH zone.
10:26 of 3rd period - Snap shot by Andre Burakovsky.
10:26 of 3rd period - Deflect By Tim Gleason.
10:26 of 3rd period - Shot Misses the Net.
10:26 of 3rd period - Puck is out of play.
10:27 of 3rd period - Andrew Desjardins wins face-off versus Andre Burakovsky in Admirals NSH zone.
10:46 of 3rd period - Slapshot by Andre Burakovsky.
10:46 of 3rd period - Deflect By Victor Bartley.
10:46 of 3rd period - Shot Misses the Net.
10:46 of 3rd period - Puck is out of play.
10:47 of 3rd period - Andrew Desjardins wins face-off versus Matt Ellis in Admirals NSH zone.
10:56 of 3rd period - Tim Gleason is hit by Tyson Strachan and loses puck.
11:32 of 3rd period - Victor Bartley is hit by Brooks Laich and loses puck.
12:23 of 3rd period - Snap shot by Andrew Desjardins.
12:23 of 3rd period - Shot Misses the Net.
12:25 of 3rd period - Penalty to Brad Winchester is over, Brad Winchester is back on ice.
12:52 of 3rd period - Brooks Laich is hit by Nikita Nesterov and loses puck.
13:11 of 3rd period - Minor Penalty to Tyler Wotherspoon for Holding Stick.
13:12 of 3rd period - Brad Winchester wins face-off versus Tyler Pitlick in Heat zone.
13:15 of 3rd period - Slapshot by Nikita Nesterov.
13:15 of 3rd period - Shot Misses the Net.
13:22 of 3rd period - Icing by Nikita Nesterov.
13:23 of 3rd period - Max Reinhart wins face-off versus Brad Winchester in Admirals NSH zone.
13:58 of 3rd period - Slapshot by Jason Garrison.
13:58 of 3rd period - Deflect By Michael Pelech.
13:58 of 3rd period - Stopped by Chad Johnson with a rebound.
14:00 of 3rd period - Snap shot by Tyler Pitlick.
14:00 of 3rd period - Deflect By Michael Ferland.
14:00 of 3rd period - Stopped by Chad Johnson with a rebound.
14:02 of 3rd period - Slapshot by Jason Garrison.
14:02 of 3rd period - Stopped by Chad Johnson with a rebound.
14:04 of 3rd period - Slapshot by Jason Garrison.
14:04 of 3rd period - Stopped by Chad Johnson without a rebound.
14:05 of 3rd period - Max Reinhart wins face-off versus Andrew Desjardins in Admirals NSH zone.
14:18 of 3rd period - Slapshot by Andrew Desjardins.
14:18 of 3rd period - Shot Misses the Net.
14:53 of 3rd period - Slapshot by Nikita Nesterov.
14:53 of 3rd period - Goal by Nikita Nesterov - Admirals NSH : 2 - Heat : 1.
14:54 of 3rd period - Michael Pelech wins face-off versus Johan Larsson in neutral zone.
15:03 of 3rd period - Stephane Veilleux is hit by Tim Gleason and loses puck.
15:08 of 3rd period - Slapshot by Nikita Nesterov.
15:08 of 3rd period - Deflect By Michael Pelech.
15:08 of 3rd period - Shot Blocked by Stephane Veilleux.
15:08 of 3rd period - Puck is out of play.
15:09 of 3rd period - Johan Larsson wins face-off versus Brody Sutter in Heat zone.
15:24 of 3rd period - Johan Larsson is hit by Wade Megan and loses puck.
15:29 of 3rd period - Slapshot by Tim Gleason.
15:29 of 3rd period - Deflect By Brody Sutter.
15:29 of 3rd period - Stopped by Michael Leighton without a rebound.
15:30 of 3rd period - Matt Ellis wins face-off versus Andrew Desjardins in Heat zone.
15:38 of 3rd period - Snap shot by Oliver Lauridsen.
15:38 of 3rd period - Stopped by Michael Leighton with a rebound.
15:40 of 3rd period - Snap shot by Brad Winchester.
15:40 of 3rd period - Shot Blocked by Keith Ballard.
15:42 of 3rd period - Backhand shot by Andrew Desjardins.
15:42 of 3rd period - Stopped by Michael Leighton without a rebound.
15:43 of 3rd period - Brooks Laich wins face-off versus Andrew Desjardins in Heat zone.
15:50 of 3rd period - Wrist shot by Seth Griffith.
15:50 of 3rd period - Shot Blocked by Oliver Lauridsen.
15:59 of 3rd period - Slapshot by Brian Lashoff.
15:59 of 3rd period - Stopped by Michael Leighton with a rebound.
16:14 of 3rd period - Off-side.
16:15 of 3rd period - Max Reinhart wins face-off versus Ben Sexton in neutral zone.
16:22 of 3rd period - Slapshot by Tim Gleason.
16:22 of 3rd period - Shot Blocked by Jason Garrison.
17:04 of 3rd period - Michael Ferland is hit by Nikita Nesterov and loses puck.
17:30 of 3rd period - Snap shot by Michael Ferland.
17:30 of 3rd period - Shot Misses the Net.
17:52 of 3rd period - Wrist shot by Andre Burakovsky.
17:52 of 3rd period - Shot Blocked by Victor Bartley.
18:33 of 3rd period - Brooks Laich is hit by Frazer McLaren and loses puck.
18:42 of 3rd period - Andrew Desjardins is hit by Tyson Strachan and loses puck.
19:01 of 3rd period - Heat, Michael Leighton is pulled from the net.
19:28 of 3rd period - Brody Sutter is hit by Johan Larsson.
19:57 of 3rd period - Snap shot by Lucas Lessio.
19:57 of 3rd period - Stopped by Chad Johnson with a rebound.
Goals for this period are 1 for Admirals NSH vs 0 for Heat.
Shots for this period are 10 for Admirals NSH vs 5 for Heat.